 Dungeon Crawl Stone Soup version 0.28-a0-1142-gc8569940dd (webtiles) character file.

Game seed: 6680066313575561035

22633 ChaosChampion the Thaumaturge (level 12, -2/59 HPs)
             Began as a Deep Elf Conjurer on Dec 13, 2021.
             Was the Champion of Cheibriados.
             Shot with an arrow by a tengu warrior (25 damage)
             ... on level 8 of the Dungeon.
             The game lasted 00:46:45 (20288 turns).

ChaosChampion the Thaumaturge (Deep Elf Conjurer)  Turns: 20288, Time: 00:46:45

Health: -2/59      AC:  7    Str: 25    XL:     12   Next: 64%
Magic:  18/32      EV: 13    Int: 53    God:    Cheibriados [******]
Gold:   256        SH:  0    Dex: 28    Spells: 9/40 levels left

rFire   . . .      SeeInvis .   o - +8 shortbow of the Original Sin {flame, rN+ Stlth+}
rCold   . . .      Faith    +   (shield currently unavailable)
rNeg    + . .      Spirit   .   i - +0 troll leather armour {Pargi}
rPois   +          Reflect  .   (no helmet)
rElec   +          Harm     .   (no cloak)
rCorr   .          Rampage  .   x - +2 pair of gloves
Will    +....                   (no boots)
Stlth   +++++.....              w - amulet of the Good {Faith *Slow rElec rPois Regen+ Int+3}
HPRegen 1.79/turn               v - +6 ring of strength
MPRegen 0.23/turn               G - +6 ring of intelligence

@: very slow
A: no striking features
a: Renounce Religion, Bend Time, Temporal Distortion, Slouch, Step From Time


You were on level 8 of the Dungeon.
You worshipped Cheibriados.
Cheibriados was exalted by your worship.
You visited 3 branches of the dungeon, and saw 16 of its levels.
You also visited: Sewer.

You collected 705 gold pieces.
You spent 449 gold pieces at shops.

Inventory:

Hand Weapons
 d - a +2 long sword of holy wrath
 o - the +8 shortbow of the Original Sin (weapon) {flame, rN+ Stlth+}
   (You found it on level 5 of the Dungeon)

   Any ammunition fired from it burns those it strikes, dealing additional fire
   damage.
   rN:        It protects you from negative energy.
   Stlth:     It makes you more stealthy.
Missiles
 y - 2 throwing nets
 E - 175 arrows (quivered ammo)
Armour
 i - a +0 troll leather armour (worn) {Pargi}
 x - a +2 pair of gloves (worn)
Jewellery
 g - an amulet of reflection
 v - a +6 ring of strength (left hand)
 w - the amulet of the Good (around neck) {Faith *Slow rElec rPois Regen+ Int+3}
   (You found it on level 6 of the Dungeon)

   [amulet of faith]

   It allows you to gain divine favour quickly.
   Int:       It affects your intelligence (+3).
   rElec:     It insulates you from electricity.
   rPois:     It protects you from poison.
   Regen:     It increases your rate of health regeneration.
   *Slow:     It may slow you when you take damage.
 C - an amulet of magic regeneration
 G - a +6 ring of intelligence (right hand)
Wands
 n - a wand of polymorph (12)
 I - a wand of flame (12)
 J - a wand of iceblast (5)
Scrolls
 a - a scroll of holy word {unknown}
 c - a scroll of vulnerability
 f - 3 scrolls of teleportation
 k - a scroll of enchant armour {unknown}
 l - 2 scrolls of brand weapon {unknown}
 p - 3 scrolls of blinking
 z - a scroll of amnesia
 D - a scroll of fog
 H - a scroll of identify
Potions
 b - 4 potions of curing
 e - 2 potions of lignification
 h - 2 potions of degeneration
 j - a potion of invisibility {unknown}
 m - 2 potions of ambrosia
 q - a potion of brilliance {unknown}
 r - 3 potions of might
 s - a potion of attraction {unknown}
 t - 2 potions of magic {unknown}
 u - 2 potions of heal wounds {unknown}
 A - a potion of haste {unknown}
 B - 3 potions of flight {unknown}
 F - a potion of mutation


   Skills:
 * Level 12.1 Bows
 - Level 2.4 Dodging
 - Level 7.6 Stealth
 - Level 14.9 Spellcasting
 - Level 10.4 Conjurations
 - Level 4.0 Translocations
 - Level 6.0 Fire Magic
 - Level 6.0 Ice Magic
 - Level 4.0 Air Magic
 - Level 6.0 Poison Magic
 - Level 4.0 Invocations


You had 9 spell levels left.
You knew the following spells:

 Your Spells              Type           Power      Damage    Failure   Level
a - Magic Dart            Conj           100%       1d8       0%          1
b - Searing Ray           Conj           100%       2d8       0%          2
c - Mephitic Cloud        Conj/Pois/Air  84%        N/A       1%          3
d - Iskenderun's Mystic   Conj/Tloc      86%        2d17      1%          4
e - Blink                 Tloc           100%       N/A       1%          2
f - Hailstorm             Conj/Ice       91%        3d18      1%          4
g - Freezing Cloud        Conj/Ice/Air   42%        6-21      1%          5
h - Starburst             Conj/Fire      45%        6d13      2%          6
i - Passage of Golubria   Tloc           70%        N/A       1%          4

Your spell library contained the following spells:

 Spells                   Type           Power      Damage    Failure   Level
 Freeze                   Ice            100%       1d11      1%          1
 Corpse Rot               Necr/Air       100%       N/A       1%          2
 Poisonous Vapours        Pois/Air       100%       N/A       1%          2
 Dazzling Flash           Conj/Hex       100%       N/A       1%          3
 Frozen Ramparts          Ice            100%       1d12      1%          3
 Ignite Poison            Fire/Tmut/Pois 70%        N/A       1%          3
 Lesser Beckoning         Tloc           70%        N/A       1%          3
 Tukima's Dance           Hex            39%        N/A       1%          3
 Fulminant Prism          Conj/Hex       38%        3d18      1%          4
 Manifold Assault         Tloc           70%        N/A       2%          5
 Summon Forest            Summ/Tloc      28%        N/A       6%          5
 Lee's Rapid Deconstruct  Erth           19%        3d12*     14%         5
 Summon Mana Viper        Hex/Summ       39%        N/A       14%         5
 Yara's Violent Unravell  Hex/Tmut       19%        3d9       14%         5
 Summon Cactus Giant      Summ           19%        N/A       61%         6
 Storm Form               Tmut/Air       28%        N/A       88%         7


Dungeon Overview and Level Annotations

Branches:
Dungeon (13/15)            Temple (0/1) D:7            Lair (2/6) D:11
 Spider (0/4) Lair:2          Orc (1/2) D:12          Sewer (visited)
  Swamp: Lair:2-4    Shoals: Lair:2-4    Vaults: D:13-14

Altars:
Cheibriados
Dithmenos
Hepliaklqana
Kikubaaqudgha
Makhleb
Trog
Uskayaw
Xom
Yredelemnul
Zin

Shops:
D:3 :(?   D:6 ?   D:10 :

Annotations:
D:8 2 transporters, exclusion: tengu warrior, RamboRex's ghost, novice GrGl
Lair:2 1 transporter
Orc:1 Jorgrun


Message History

The six-headed hydra is severely wounded.
You shoot an arrow. The arrow hits the six-headed hydra.
The arrow burns the six-headed hydra.
The six-headed hydra is severely wounded.
Casting: Iskenderun's Mystic Blast (safe; 1% risk of failure)
Confirm with . or Enter, or press ? or * to list all spells.
You erupt in a blast of force!
The mystic blast hits the six-headed hydra!!
The six-headed hydra is almost dead.
Casting: Iskenderun's Mystic Blast (safe; 1% risk of failure)
Confirm with . or Enter, or press ? or * to list all spells.
You erupt in a blast of force!
The mystic blast hits the six-headed hydra!!
You kill the six-headed hydra!
Cheibriados appreciates the change of pace.
You hear a shout!
Your Bows skill increases to level 12!
You shoot an arrow. The arrow hits the tengu warrior!
The arrow burns the tengu warrior.
The tengu warrior is moderately wounded.
You shoot an arrow. The arrow hits the tengu warrior!
The arrow burns the tengu warrior.
The tengu warrior is heavily wounded.
The tengu warrior unwields a +2 vorpal battleaxe.
The tengu warrior wields a +0 longbow.
The tengu warrior shoots an arrow.
The arrow hits you!!
You shoot an arrow.
The arrow closely misses the tengu warrior.
The tengu warrior shoots an arrow.
The arrow closely misses you.
Casting: Iskenderun's Mystic Blast (safe; 1% risk of failure)
Confirm with . or Enter, or press ? or * to list all spells.
Aiming: Freezing Cloud (dangerous; 1% risk of failure)
Press: ? - help, Dir - move target, p - tengu warrior The catoblepas bellows!
The tengu warrior shoots an arrow.
The arrow completely misses you.
The catoblepas is engulfed in freezing vapours.
The tengu warrior shoots an arrow.
The arrow hits you!!
The catoblepas is engulfed in freezing vapours.
The tengu warrior shoots an arrow.
The arrow hits you!!
You die...

........####..#...#.#...#.# #...
###...###....#...#..#.#.#.# #...
#...###..###..#...#[#.#.#.# ##..
..###.†#..####...#..#.#.#.# #..
###....###..####..#.#.#.#.# #..
#...##..##....####..#.#.#.# #..
..#..##..#......####..#.#.#####..
# ##..##)#..#.....###.#.#......##
##..###..###.@..[....#......##
##..##...#.†..###...#........
##..#§§§(..###..)#.#......#.
###Q§§Y.###....##.#......#.
##§§###...##....########.
#...((###...#####.### #.
QY..####...#######.##########.
..###....######.............#.
###...#####...#.##.#.#.####.#.


You could see a catoblepas and a tengu warrior.

Vanquished Creatures
  Josephine (D:12)
  4 hydras
  A centaur warrior (D:8)
  6 two-headed ogres
  Sonja (Lair:1)
  The ghost of Essalna the Conjurer, a novice DsFE of Vehumet (D:6)
  5 slime creatures (D:12)
  A gargoyle (D:12)
  A cane toad (Lair:1)
  2 kobold demonologists
  2 komodo dragons
  4 trolls
  A shadow (D:11)
  2 wyverns
  Sigmund (D:3)
  A tarantella (Lair:2)
  2 water elementals
  6 wraiths
  4 vampires
  16 yaks
  A basilisk (Lair:1)
  A human (D:6)
  A steam dragon (D:9)
  Edmund (D:6)
  2 water moccasins
  2 sky beasts
  5 orc warriors
  3 ice beasts
  2 black bears
  Pargi (Sewer)
  3 ogres
  A necrophage (D:4)
  8 centaurs
  2 wolves (D:11)
  A phantom (D:5)
  7 bullfrogs
  A kobold brigand (D:8)
  A wyvern zombie (D:8)
  2 gnoll sergeants
  A scorpion (D:4)
  2 water moccasin skeletons
  A wight (D:8)
  4 electric eels
  A bullfrog zombie (D:3)
  5 centaur zombies
  A jelly (D:4)
  7 orc priests
  11 hounds
  A bullfrog skeleton (D:4)
  6 orc wizards
  4 hell rats (Lair:2)
  A hound skeleton (D:4)
  12 gnolls
  A river rat (D:3)
  15 adders
  3 shadow imps
  2 ufetubi
  An adder skeleton (D:4)
  4 worms
  A dart slug (D:1)
  34 orcs
  12 endoplasms
  4 giant cockroaches
  7 hobgoblins
  3 jackals
  4 quokkas
  11 ball pythons
  2 bats
  8 frilled lizards
  12 goblins
  14 kobolds
  9 rats
311 creatures vanquished.

Vanquished Creatures (others)
  A plant (Lair:1)
1 creature vanquished.

Grand Total: 312 creatures vanquished

Notes
Turn   | Place    | Note
-------+----------+-------------------------------------------
     0 | D:1      | ChaosChampion the Deep Elf Conjurer began the quest for the
                  | Orb.
     0 | D:1      | Reached XP level 1. HP: 10/10 MP: 6/6
   177 | D:1      | Reached XP level 2. HP: 15/15 MP: 3/8
   371 | D:1      | Reached skill level 4 in Spellcasting
   497 | D:1      | Learned a level 2 spell: Searing Ray
   561 | D:1      | Found a faded altar of an unknown god.
   689 | D:1      | Prayed at the altar of an unknown god.
   689 | D:1      | Became a worshipper of Cheibriados the Contemplative
   689 | D:1      | Reached * piety under Cheibriados
   790 | D:1      | Reached XP level 3. HP: 19/19 MP: 7/10
   968 | D:2      | Found a hide-covered altar of Uskayaw.
  1694 | D:2      | Reached ** piety under Cheibriados
  1892 | D:3      | Reached skill level 5 in Spellcasting
  1893 | D:3      | Reached skill level 5 in Conjurations
  1899 | D:3      | Reached XP level 4. HP: 24/24 MP: 9/13
  1904 | D:3      | Learned a level 4 spell: Iskenderun's Mystic Blast
  1911 | D:3      | Learned a level 2 spell: Blink
  2201 | D:3      | Found a glowing drain.
  2207 | Sewer    | Entered a sewer
  2264 | Sewer    | Noticed Pargi
  2269 | Sewer    | Killed Pargi
  2270 | Sewer    | Reached skill level 6 in Spellcasting
  2270 | Sewer    | Reached skill level 1 in Translocations
  2270 | Sewer    | Reached XP level 5. HP: 19/28 MP: 5/15
  3003 | D:3      | Reached XP level 6. HP: 32/32 MP: 12/17
  3123 | D:3      | Reached *** piety under Cheibriados
  3182 | D:3      | Noticed Sigmund
  3189 | D:3      | Killed Sigmund
  3190 | D:3      | Reached skill level 7 in Spellcasting
  3290 | D:3      | Found a shimmering altar of Xom.
  3456 | D:3      | Found Fatot's Book Boutique.
  3501 | D:3      | Found a glowing silver altar of Zin.
  3512 | D:3      | Found Addigrui's Antique Weapon Emporium.
  3555 | D:3      | Found Exyon's Magic Scroll Emporium.
  3601 | D:3      | Bought a scroll of blinking for 97 gold pieces
  3894 | D:4      | Reached XP level 7. HP: 36/36 MP: 11/20
  3984 | D:4      | Found an ancient bone altar of Kikubaaqudgha.
  4265 | D:4      | Reached skill level 8 in Spellcasting
  4426 | D:4      | Reached **** piety under Cheibriados
  4918 | D:4      | Reached skill level 9 in Spellcasting
  5215 | D:5      | Entered Level 5 of the Dungeon
  5320 | D:5      | Identified the +8 shortbow of the Original Sin {flame, rN+
                  | Stlth+}
  5334 | D:5      | Reached XP level 8. HP: 41/41 MP: 8/23
  5434 | D:5      | Reached skill level 10 in Spellcasting
  6005 | D:5      | Found a snail-covered altar of Cheibriados.
  6151 | D:5      | Reached skill level 11 in Spellcasting
  6701 | D:6      | Found Sunobrofae's Magic Scroll Boutique.
  6814 | D:6      | Found a runed translucent door.
  6818 | D:6      | Found a basalt altar of Yredelemnul.
  6822 | D:6      | Noticed Edmund
  6861 | D:6      | Killed Edmund
  6862 | D:6      | Reached skill level 12 in Spellcasting
  7106 | D:6      | Reached XP level 9. HP: 33/45 MP: 17/27
  7270 | D:6      | Reached ***** piety under Cheibriados
  7321 | D:6      | Found a large runed translucent door.
  7321 | D:6      | Found a large runed translucent door.
  7325 | D:6      | Noticed Essalna's ghost (novice DsFE)
  7550 | D:6      | Identified the amulet of the Good {Faith *Slow rElec rPois
                  | Regen+ Int+3}
  7840 | D:6      | Found a burning altar of Makhleb.
  7946 | D:6      | Killed Essalna's ghost
  7947 | D:6      | Reached skill level 13 in Spellcasting
  8347 | D:7      | Found a staircase to the Ecumenical Temple.
  8976 | D:7      | Found a hazy altar of Hepliaklqana.
  8977 | D:7      | Found a shadowy altar of Dithmenos.
  9679 | D:8      | Reached skill level 14 in Spellcasting
  9738 | D:8      | Learned a level 3 spell: Mephitic Cloud
  9743 | D:8      | Learned a level 4 spell: Hailstorm
  9749 | D:8      | Learned a level 5 spell: Freezing Cloud
  9756 | D:8      | Learned a level 6 spell: Starburst
  9770 | D:8      | Noticed a moth of wrath
  9776 | D:8      | Found a transporter.
  9777 | D:8      | Noticed RamboRex's ghost (novice GrGl)
  9782 | D:8      | Noticed a two-headed ogre
  9785 | D:8      | Found a transporter.
  9789 | D:8      | Found a bloodstained altar of Trog.
 10079 | D:8      | Noticed a catoblepas
 10110 | D:8      | Reached skill level 1 in Fire Magic
 10110 | D:8      | Reached skill level 1 in Ice Magic
 10110 | D:8      | Reached skill level 1 in Air Magic
 10110 | D:8      | Reached skill level 1 in Poison Magic
 10997 | D:8      | Reached XP level 10. HP: 43/50 MP: 5/30
 11123 | D:8      | Noticed a tengu warrior
 12181 | D:10     | Entered Level 10 of the Dungeon
 12780 | D:10     | Reached ****** piety under Cheibriados
 13094 | D:10     | Noticed a two-headed ogre
 13100 | D:10     | Killed a two-headed ogre
 13101 | D:10     | Reached skill level 5 in Ice Magic
 13177 | D:10     | Found Uruzxob's Book Shop.
 13684 | D:11     | Reached skill level 5 in Fire Magic
 13684 | D:11     | Reached skill level 5 in Poison Magic
 13815 | D:11     | You fall into a shaft and drop 1 floor!
 13832 | D:12     | Noticed Josephine
 13847 | D:12     | Noticed a gargoyle
 13856 | D:12     | Noticed a seven-headed hydra
 13868 | D:12     | Killed a seven-headed hydra
 13869 | D:12     | Reached XP level 11. HP: 54/54 MP: 11/31
 14662 | D:12     | Reached skill level 1 in Invocations
 14671 | D:12     | Found a staircase to the Orcish Mines.
 14866 | D:12     | Identified the +2 halberd of Agony {spect, rElec}
 14870 | D:12     | Killed Josephine
 14873 | D:12     | Noticed a two-headed ogre
 14878 | D:12     | Killed a two-headed ogre
 15033 | D:12     | Reached skill level 5 in Stealth
 15308 | D:12     | Reached skill level 10 in Conjurations
 15520 | D:12     | Noticed a sixfirhy
 15925 | D:12     | Noticed a two-headed ogre
 15935 | D:12     | Killed a two-headed ogre
 16437 | D:11     | Noticed a two-headed ogre
 16857 | D:11     | Found a staircase to the Lair.
 16921 | D:11     | Noticed a two-headed ogre
 16930 | D:11     | Reached XP level 12. HP: 56/59 MP: 23/32
 16932 | D:11     | Killed a two-headed ogre
 16933 | D:11     | Reached skill level 5 in Bows
 17391 | D:11     | Killed a two-headed ogre
 17989 | D:3      | Bought a book of Blasting for 352 gold pieces
 17994 | D:3      | Learned a level 4 spell: Passage of Golubria
 18245 | Orc:1    | Entered Level 1 of the Orcish Mines
 18245 | Orc:1    | Noticed Jorgrun
 18348 | D:13     | Noticed a two-headed ogre
 18354 | D:13     | Killed a two-headed ogre
 18369 | D:13     | Noticed a centaur warrior
 18417 | Lair:1   | Entered Level 1 of the Lair of Beasts
 18570 | Lair:1   | Noticed Sonja
 18581 | Lair:1   | Killed Sonja
 18648 | Lair:1   | Noticed a six-headed hydra
 18657 | Lair:1   | Killed a six-headed hydra
 18658 | Lair:1   | Reached skill level 10 in Bows
 19061 | Lair:1   | Noticed an eight-headed hydra
 19074 | Lair:1   | Killed an eight-headed hydra
 19920 | Lair:2   | Found a hole to the Spider Nest.
 19924 | Lair:2   | Found a transporter.
 20250 | D:8      | Noticed a centaur warrior
 20264 | D:8      | Killed a centaur warrior
 20275 | D:8      | Noticed a six-headed hydra
 20283 | D:8      | Killed a six-headed hydra
 20288 | D:8      | Shot with an arrow by a tengu warrior

Illustrated notes

Levels and vault maps discovered:
D:1:      tarquinn_simple_flora_water_e, layout_basic,
          hellmonk_ecumenical_altar_prayer_group
D:2:      minmay_evil_eye, layout_basic, basic_altar
D:3:      wad_river_or_something, layout_rooms, mainiacjoe_overflow_chevrons,
          zin_statuary, lightli_sewer_entry_pipes, serial_shops,
          nicolae_square_shop, nicolae_lakefront_shop, shop,
          saegor_snake_ambush, uniq_sigmund
D:4:      layout_basic, nicolae_kikubaaqudgha_miasma_corner, minmay_unequal
D:5:      layout_basic, cheibriados_altar_1
D:6:      layout_basic, mainiacjoe_overflow_alcove_4, dk_yredelemnul_ordeal,
          ebering_ghost_disaster_area, serial_shops, kennysheep_mini,
          corexii_checkpoint_a, uniq_edmund
D:7:      layout_layer_cave, riverfiend_overflow_shadow_ancestor,
          minmay_temple_entry_drinking_statues, nrook_mini_vaults,
          wad_floor_pattern_untrapped, chequers_serial_rivers_micro_c,
          serial_park_tiny_1
D:8:      minmay_the_grid_triangle_9x9_rhombus_thin
          [minmay_the_grid_triangle_9x9_semitri,
          minmay_the_grid_triangle_9x9_prize_schism,
          minmay_the_grid_triangle_9x9_zippers_horizontal,
          minmay_the_grid_triangle_9x9_pentomino_pain], layout_basic,
          gammafunk_ghost_wrathful_warriors
D:9:      layout_roguey
D:10:     layout_long_grid, serial_shops, nicolae_shop_crystal
D:11:     layout_long_grid, erik_lair_island
D:12:     layout_roguey, erik_orc_2, uniq_josephine
D:13:     layout_loops_ring, uniq_frances, uniq_nessos
Lair:1:   layout_layer_cave, uniq_sonja
Lair:2:   gammafunk_cloud_chamber, layout_long_grid, elwin_shoals_entry_stream,
          spider_nest_entry_rubble, infiniplex_staircase_pool_2, uniq_fannar,
          uniq_gastronok, uniq_urug
Orc:1:    layout_caves, uniq_jorgrun, uniq_erica

Skill      XL: |  1  2  3  4  5  6  7  8  9 10 11 12 |
---------------+-------------------------------------+-----
Spellcasting   | 4 5 6 7 9 12 14 | 14.9
Conjurations   | 5 6 7 8 9 10 | 10.4
Translocations | 1 2 3 4 |  4.0
Fire Magic     | 2 5 6 |  6.0
Ice Magic      | 2 5 6 |  6.0
Air Magic      | 1 4 |  4.0
Poison Magic   | 2 5 6 |  6.0
Stealth        | 7 |  7.6
Invocations    | 4 |  4.0
Bows           | 4 12 | 12.1
Dodging        | |  2.4

Action                   |  1- 3 |  4- 6 |  7- 9 | 10-12 || total
-------------------------+-------+-------+-------+-------++-------
 Fire: Shortbow          |       |       |       |   115 ||   115
 Cast: Magic Dart        |    74 |    56 |   114 |    96 ||   340
       Searing Ray       |     1 |    31 |    78 |    76 ||   186
       Iskenderun's Myst |       |     2 |    44 |    85 ||   131
       Freezing Cloud    |       |       |     2 |    14 ||    16
       Starburst         |       |       |       |     5 ||     5
       Hailstorm         |       |       |       |     3 ||     3
       Mephitic Cloud    |       |       |       |     1 ||     1
       Blink             |       |       |       |     1 ||     1
       Passage of Golubr |       |       |       |     5 ||     5
Evoke: Wand              |       |       |       |     2 ||     2
  Use: Scroll            |       |     5 |     3 |    10 ||    18
       Potion            |       |       |       |     1 ||     1
Armor: Troll leather arm |       |       |    28 |    22 ||    50
Dodge: Dodged            |       |    17 |    37 |    65 ||   119

Table legend: (Time is in decaauts)
 A = Elapsed time spent in this place.
 B = Non-inter-level travel time spent in this place.
 C = Inter-level travel time spent in this place.
 D = Time resting spent in this place.
 E = Time spent auto-exploring this place.
 F = Levels seen in this place.
 G = Mean time per level.
                   A        B        C        D        E       F      G
               +--------+--------+--------+--------+--------+-----+--------+
         Total |  29177 |  27312 |   1865 |   3905 |  19456 |  17 | 1716.3 |
       Dungeon |  25885 |  24099 |   1786 |   3513 |  17004 |  13 | 1991.2 |
          Lair |   2807 |   2728 |     79 |    215 |   2335 |   2 | 1403.5 |
  Orcish Mines |      1 |      1 |      0 |      0 |      0 |   1 |    1.0 |
         Sewer |    483 |    483 |      0 |    177 |    116 |   1 |  483.0 |
               +--------+--------+--------+--------+--------+-----+--------+

Top non-repeatable levels by time:
    D:12: 2964 daAuts
    D:11: 2759 daAuts
     D:8: 2758 daAuts
  Lair:1: 2692 daAuts
     D:7: 2660 daAuts
     D:3: 2209 daAuts
     D:5: 2154 daAuts
    D:10: 2104 daAuts
     D:6: 1954 daAuts
     D:4: 1923 daAuts
     D:9: 1630 daAuts
     D:2: 1202 daAuts
     D:1: 1028 daAuts
    D:13: 537 daAuts
   Sewer: 483 daAuts
